 Dungeon Crawl Stone Soup version 0.21.1-1-g345015fe64 (webtiles) character file.

21 Gargoyl the Skirmisher (level 2, -1/26 HPs)
             Began as a Centaur Abyssal Knight on July 3, 2018.
             Was a Follower of Lugonu.
             Slain by ToxicDK's ghost (9 damage)
             ... on level 3 of the Dungeon.
             The game lasted 00:02:34 (1129 turns).

Gargoyl the Skirmisher (Centaur Abyssal Knight)     Turns: 1129, Time: 00:02:34

Health: -1/26      AC:  7    Str: 11 (14) XL:     2   Next: 62%
Magic:  3/3        EV:  6    Int:  9 (11) God:    Lugonu [*.....]
Gold:   263        SH:  0    Dex:  6 (8)  Spells: 1/1 levels left

rFire    . . .     SeeInvis .   a - +1 hand axe
rCold    . . .     Gourm    .   (no shield)
rNeg     . . .     Faith    .   e - +1 scale mail of Docozopa {rPois}
rPois    +         Spirit   .   (no helmet)
rElec    .         Reflect  .   (no cloak)
rCorr    .         Harm     .   (no gloves)
MR       .....                  (no barding)
Stlth    ..........             (no amulet)
HPRegen  0.08/turn              d - ring of flight
MPRegen  0.08/turn              (no ring)

@: very quick
A: large, hooves 3, deformed body, speed 2, tough skin 3
a: Depart the Abyss, Renounce Religion, Evoke Flight


You were on level 3 of the Dungeon.
You worshipped Lugonu.
Lugonu was aware of your devotion.
You were not hungry.

You visited 1 branch of the dungeon, and saw 3 of its levels.
You visited the Abyss 1 time.

You collected 263 gold pieces.

Inventory:

Hand Weapons
 a - a +1 hand axe (weapon)
Armour
 b - a +0 leather armour
 e - the +1 scale mail of Docozopa (worn) {rPois}
   (You found it on level 2 of the Abyss)

   It protects you from poison.
Jewellery
 d - a ring of flight (left hand)
Scrolls
 f - 5 scrolls of identify {unknown}
 g - a scroll of fear
 j - a scroll of remove curse
Potions
 h - a potion of lignification {unknown}
 i - a potion of berserk rage {unknown}
 k - a potion of haste {unknown}
Comestibles
 c - 3 rations


   Skills:
 + Level 3.3 Fighting
 + Level 2.0 Axes
 * Level 1.8 Armour
 + Level 0.7 Dodging
 - Level 2.0 Invocations


You had one spell level left.
You didn't know any spells.

Dungeon Overview and Level Annotations

Branches:
Dungeon (2/15)

Altars:
Ashenzari

Annotations:
D:3 ToxicDK's ghost, amateur MfAr


Innate Abilities, Weirdness & Mutations

You have hooves in place of feet.
Armour fits poorly on your strangely shaped body.
You cover ground very quickly.
You have extremely tough skin. (AC +3)


Message History

Lugonu accepts your kill.
Things that are here:
a dagger; a scale mail; an orc corpse
Found a stone staircase leading down.
You start waiting.
ToxicDK's ghost (amateur Merfolk Artificer) comes into view.
ToxicDK's ghost turns its malevolent gaze towards you.
You barely miss ToxicDK's ghost. ToxicDK's ghost barely misses you.
You hit ToxicDK's ghost but do no damage.
ToxicDK's ghost hits you but does no damage.
ToxicDK's ghost hits you!
You slash ToxicDK's ghost!
You kick ToxicDK's ghost, but do no damage.
ToxicDK's ghost is lightly damaged.
ToxicDK's ghost says, "Are you sure you're pointing that wand in the right direction?"
ToxicDK's ghost hits you!
You hit ToxicDK's ghost but do no damage.
ToxicDK's ghost is lightly damaged.
ToxicDK's ghost hits you!
You die...

#.# #.# ###.##
#....# #....#
#....# # #....####.
.####.###........_.
......W@†)......#.#
.####.##.....####
#........#
###......# #......#
##..##.# #... .#
..#. .# .###.


You could see ToxicDK's ghost.

Vanquished Creatures
  An adder (D:3)
  A leopard gecko (D:1)
  An orc (D:3)
  A goblin (D:3)
  A hobgoblin (D:1)
  A frilled lizard (D:1)
  2 kobolds (D:1)
  3 rats (D:1)
  A fungus (D:1)
12 creatures vanquished.

Notes
Turn   | Place    | Note
-------+----------+-------------------------------------------
     0 | Abyss:1  | Gargoyl the Centaur Abyssal Knight began the quest for the Orb.
     0 | Abyss:1  | Reached XP level 1. HP: 19/19 MP: 2/2
    56 | Abyss:1  | Noticed a chaos spawn
    84 | Abyss:2  | Noticed a wretched star
   108 | Abyss:2  | Got a warped scale mail
   119 | Abyss:2  | Identified the cursed +1 scale mail of Docozopa {rPois} (You found it on level 2 of the Abyss)
   125 | Abyss:2  | Noticed a ynoxinul
   183 | Abyss:4  | Noticed a brown very ugly thing
   183 | Abyss:4  | Noticed a brown very ugly thing
   183 | Abyss:4  | Noticed a brown ugly thing
   183 | Abyss:4  | Noticed a brown very ugly thing
   209 | Abyss:5  | Entered Level 5 of the Abyss
   224 | Abyss:5  | Noticed an ancient zyme
   241 | Abyss:5  | Noticed a small abomination
   242 | Abyss:5  | Noticed an earth elemental
   249 | Abyss:5  | Noticed a rakshasa
   251 | D:1      | Escaped the Abyss
   309 | D:1      | Reached * piety under Lugonu
   720 | D:1      | Reached XP level 2. HP: 25/26 MP: 3/3
  1105 | D:2      | You fall through a shaft!
  1105 | D:3      | Found a shattered altar of Ashenzari.
  1124 | D:3      | Noticed ToxicDK's ghost (amateur MfAr)
  1129 | D:3      | Slain by ToxicDK's ghost

Skill      XL: |  1 |
---------------+----+-----
Axes           | 2 |  2.0
Fighting       | |  3.3
Armour         | |  1.8
Dodging        | |  0.7
Invocations    | |  2.0

Action                   || total
-------------------------++-------
Melee: Hand axe          ||    46
       Kick              ||     5
Invok: Depart the Abyss  ||     1
  Use: Potion            ||     3
       Scroll            ||     2
Armor: Scale mail        ||    27
Dodge: Dodged            ||    13
